AoeStats
← Marbas

Arena

508915331Analyzed
4v4 RM · 7d ago on Sep 24, 2026· 54m 0s· 8 players
Game mode
Random Map
Map size
Large (8 player)
Population
200
Speed
Normal
Resources
Standard
Victory
Conquest
Starting age
Dark Age
Ending age
Imperial Age
RankedLock teamsTeams togetherTeam positionsShared explorationLock speedFull tech treeHidden civsTurbo modeCheats
Victory
Defeat
🇧🇪 Slavs · Belgium
1897
+9
🇷🇺 Danes · Russia
1847
+11
🇵🇪 Cumans · Peru
1762
+14
🇪🇸 Koreans · Spain
1682
+16
🇷🇺 Italians · Russia
1772
-15
🇷🇺 Saracens · Russia
1712
-12
🇷🇺 Danes · Russia
1695
-12
🇧🇪 Hindustanis · Belgium
1694
-11
noru
8:50 Feudal Age
8:37 Loom
12:32 Town Watch
15:23 Fletching
18:35 Double-Bit Axe
19:19 Scale Mail Armor
23:04 Wheelbarrow
29:56 Castle Age
28:32 Horse Collar
29:07 Gold Mining
30:35 Bodkin Arrow
30:00 Crossbowman
30:53 Bow Saw
32:07 Ballistics
33:59 Padded Archer Armor
34:47 Thumb Ring
39:22 Imperial Age
37:42 Scale Barding Armor
37:48 Forging
38:00 Hand Cart
39:34 Caravan
39:50 Bloodlines
40:02 Chain Barding Armor
39:29 Cavalier
40:46 Iron Casting
41:19 Two-Man Saw
41:39 Conscription
41:57 Plate Barding Armor
41:57 Heavy Plow
41:52 Paladin
48:47 Blast Furnace
50:31 Murder Holes
50:47 Masonry
51:09 Crop Rotation
51:18 Gold Shaft Mining
50:34 Stone Mining
53:01 Chemistry
52:07 Spies/Treason
Jorge Garcia
10:33 Feudal Age
14:31 Castle Age
12:45 Double-Bit Axe
13:11 Horse Collar
15:26 Bow Saw
22:28 Wheelbarrow
22:11 Heavy Plow
22:02 Gold Mining
23:59 Fervor
24:20 Hand Cart
24:44 Gold Shaft Mining
27:50 Imperial Age
25:07 Loom
25:50 Scale Mail Armor
26:00 Forging
25:55 Stone Mining
26:50 Chain Mail Armor
26:43 Squires
27:49 Stone Shaft Mining
28:48 Iron Casting
29:25 Ballistics
28:36 Elite Fire Lancer
29:47 Plate Mail Armor
30:24 Chemistry
30:52 Fortified Wall
32:14 Two-Man Saw
32:22 Arrowslits
33:56 Siege Engineers
33:40 Arson
35:07 Conscription
35:33 Fletching
36:10 Bodkin Arrow
36:49 Masonry
36:10 Crossbowman
37:31 Bracer
36:53 Arbalester
38:26 Murder Holes
38:35 Eupseong
38:47 Treadmill Crane
40:30 Architecture
40:38 Thumb Ring
42:51 Caravan
43:35 Clinker Construction
47:08 Heated Shot
Chaos
10:15 Feudal Age
14:08 Castle Age
12:00 Double-Bit Axe
12:12 Horse Collar
25:04 Imperial Age
23:21 Bow Saw
23:05 Loom
24:06 Wheelbarrow
24:43 Pikeman
24:47 Man-at-Arms
25:32 Scale Mail Armor
25:43 Squires
25:55 Forging
26:05 Long Swordsman
27:02 Chain Mail Armor
26:19 Capped Ram
28:59 Two-Handed Swordsman
29:59 Gold Mining
30:42 Champion
33:26 Iron Casting
33:41 Hand Cart
34:28 Plate Mail Armor
34:18 Onager
36:38 Chemistry
37:48 Siege Onager
43:35 Conscription
43:49 Siege Engineers
45:46 Blast Furnace
44:27 Siege Ram
49:54 Two-Man Saw
Fresh To Death
10:39 Feudal Age
11:27 Double-Bit Axe
14:29 Castle Age
12:12 Horse Collar
15:30 Bow Saw
16:45 Heavy Plow
20:44 Gold Mining
20:52 Town Watch
21:42 Wheelbarrow
21:19 Stone Mining
23:41 Hand Cart
23:56 Loom
27:06 Imperial Age
24:43 Scale Mail Armor
25:46 Chain Mail Armor
25:45 Forging
27:28 Iron Casting
26:44 Fletching
26:25 Hamask
28:18 Conscription
27:20 Onager
28:51 Plate Mail Armor
29:22 Blast Furnace
28:09 Man-at-Arms
28:56 Squires
28:47 Gambesons
28:48 Arson
28:53 Long Swordsman
29:30 Siege Onager
29:47 Two-Handed Swordsman
32:00 Siege Engineers
31:21 Champion
33:02 Northmen's Fury
33:50 Capped Ram
37:11 Bodkin Arrow
38:18 Chemistry
36:54 Pikeman
38:40 Halberdier
40:18 Caravan
40:02 Siege Ram
53:13 Spies/Treason
B3RS3RK
10:58 Feudal Age
12:01 Double-Bit Axe
12:36 Horse Collar
15:02 Castle Age
15:22 Scale Barding Armor
15:28 Loom
16:35 Wheelbarrow
15:23 Light Cavalry
17:52 Loom
22:24 Gold Mining
22:38 Loom
23:10 Hand Cart
22:40 Town Watch
26:43 Gold Shaft Mining
26:11 Heavy Plow
26:33 Chain Barding Armor
29:08 Imperial Age
27:01 Grand Trunk Road
27:31 Padded Archer Armor
27:43 Forging
27:44 Stone Mining
28:59 Padded Archer Armor
30:01 Leather Archer Armor
31:03 Chemistry
30:28 Conscription
30:30 Bow Saw
31:15 Plate Barding Armor
30:02 Hussar
30:55 Bloodlines
32:09 Ring Archer Armor
31:54 Shatagni
32:15 Conscription
33:14 Iron Casting
32:51 Bloodlines
32:41 Husbandry
36:16 Siege Engineers
38:41 Blast Furnace
38:57 Coinage
43:19 Fletching
Don_Maximiliano
10:38 Feudal Age
12:04 Double-Bit Axe
12:04 Horse Collar
14:34 Castle Age
15:23 Loom
19:18 Bow Saw
23:50 Stone Mining
25:03 Wheelbarrow
26:21 Hand Cart
25:57 Gold Mining
28:32 Town Watch
29:23 Gold Shaft Mining
28:48 Heavy Plow
31:20 Imperial Age
29:54 Crossbowman
31:15 Thumb Ring
32:01 Fletching
33:12 Chemistry
32:55 Ballistics
32:41 Bodkin Arrow
32:47 Padded Archer Armor
32:31 Arbalester
33:52 Conscription
34:45 Bracer
35:28 Leather Archer Armor
37:56 Siege Engineers
38:52 Ring Archer Armor
42:31 Husbandry
42:42 Bloodlines
42:39 Scale Barding Armor
42:44 Forging
42:09 Light Cavalry
42:59 Hussar
44:08 Chain Barding Armor
44:57 Iron Casting
44:53 Coinage
43:57 Heavy Camel Rider
46:11 Plate Barding Armor
46:57 Blast Furnace
PLEBUSHEK
6:41 Loom
8:42 Feudal Age
9:19 Double-Bit Axe
9:18 Horse Collar
14:29 Castle Age
15:36 Bow Saw
23:02 Wheelbarrow
26:42 Imperial Age
25:11 Padded Archer Armor
25:31 Scale Mail Armor
25:58 Forging
26:19 Hand Cart
26:16 Squires
26:38 Chain Mail Armor
27:07 Hand Cart
26:27 Man-at-Arms
27:34 Long Swordsman
28:52 Plate Mail Armor
28:20 Two-Handed Swordsman
29:51 Iron Casting
29:38 Champion
32:22 Masonry
34:44 Conscription
37:23 Chemistry
36:54 Architecture
36:04 Treadmill Crane
37:37 Arson
37:32 Capped Ram
39:02 Scale Barding Armor
42:14 Chain Barding Armor
41:17 Light Cavalry
42:07 Bloodlines
41:58 Husbandry
42:33 Bloodlines
42:19 Hussar
45:08 Blast Furnace
44:44 Plate Barding Armor
45:30 Plate Barding Armor
Marbas
0:27 Loom
10:10 Feudal Age
10:30 Loom
15:13 Castle Age
20:06 Double-Bit Axe
20:04 Horse Collar
23:43 Wheelbarrow
24:28 Scale Mail Armor
28:57 Stone Mining
31:46 Gold Mining
32:09 Town Watch
32:35 Fletching
35:00 Hand Cart
35:01 Bow Saw
40:25 Stone Shaft Mining
42:30 Gold Shaft Mining
45:39 Hand Cart
Connection lost

Rejoining the realm…

Still unreachable

The connection could not be restored.

Session expired

The server has moved on; the page needs a fresh start.